 Dungeon Crawl Stone Soup version 0.31.0-11-ge490571c62 (webtiles) character file.

Game seed: 982743632074431581

65 qw the Ducker (level 3, 0/18 HPs)
             Began as a Spriggan Hunter on Feb 5, 2024.
             Succumbed to their own poison gas
             ... on level 2 of the Dungeon.
             The game lasted 00:00:35 (338 turns).

qw the Ducker (Spriggan Hunter)                      Turns: 338, Time: 00:00:35

Health: 0/18       AC:  3    Str:  7    XL:     3   Next: 92%
Magic:  4/4        EV: 20    Int: 10    God:
Gold:   20         SH:  0    Dex: 20    Spells: 2/2 levels left

rFire   . . .        a - +0 shortbow
rCold   . . .        (shield currently unavailable)
rNeg    . . .        h - +1 robe
rPois   .            (helmet restricted)
rElec   .            (no cloak)
rCorr   .            (gloves unavailable)
SInv    +            (boots unavailable)
Will    .....        (no amulet)
Stlth   ++           (no ring)
HPRegen 0.23/turn    (no ring)
MPRegen 0.09/turn

%: no passive effects
@: lethally poisoned (0 -> -2), very quick
A: very small, no large weapons, unfitting armour, see invisible, speed 3
a: no special abilities


You were on level 2 of the Dungeon.
You visited 1 branch of the dungeon, and saw 2 of its levels.

You collected 20 gold pieces.


Innate Abilities, Weirdness & Mutations

You are very small and have problems with some larger weapons.
You are too small for most types of armour.
You have supernaturally acute eyesight. (SInv)
You cover ground extremely quickly. (Speed+++)


   Skills:
 - Level 1.5 Fighting
 + Level 4.5 Ranged Weapons
 - Level 5.0 Dodging
 - Level 1.5 Stealth


You had 2 spell levels left.
You didn't know any spells.
Your spell library was empty.

Inventory:

Hand Weapons
 a - a +0 shortbow (weapon)
Armour
 h - a +1 robe (worn)
Wands
 f - a wand of mindburst (18)
Potions
 e - a potion of enlightenment {unknown}
 i - a potion of invisibility {unknown}

Dungeon Overview and Level Annotations

Branches:
Dungeon (2/15)

Altars:


Message History

You finish taking off your +0 robe.
You start putting on your armour.
You continue putting on your +1 robe. x5
You finish putting on your +1 robe.
325 ||| DROPPING +0 robe.
You drop a +0 robe.
326 ||| READING scroll labelled JOUMUKIGUA.
As you read the scroll labelled JOUMUKIGUA, it crumbles to dust.
You assume a fearsome visage.
Nothing appears to happen.
It was a scroll of fear.
327 ||| READING scroll labelled SISEICREFYL.
As you read the scroll labelled SISEICREFYL, it crumbles to dust.
You hear a loud clanging noise!
It was a scroll of noise.
You hear a shout!
328 ||| READING scroll labelled ADENOEGYWK.
The air fills with toxic fumes!
As you read the scroll labelled ADENOEGYWK, it crumbles to dust.
It was a scroll of poison.
329 ||| DROPPING scroll of butterflies.
You drop a scroll of butterflies.
What level of the Dungeon? (default 1, ? - help) Sorry, I don't know how to get there.
You are engulfed in poison gas.
You are poisoned.
You feel very sick.
331 ||| Stepping ~*~*~tactically~*~*~ (cloud).
You feel sick.
Things that are here:
a scroll of butterflies; a +0 robe
There is a lethal amount of poison in your body!
You feel very sick.
There is a lethal amount of poison in your body!
You feel sick.
There is a lethal amount of poison in your body!
You feel sick.
There is a lethal amount of poison in your body!
You feel sick.
There is a lethal amount of poison in your body!
You feel sick.
There is a lethal amount of poison in your body!
You feel sick.
There is a lethal amount of poison in your body!
You die...

#.........#..### ..###
###..¤¤.......##. .0..>#
#00.¤¤......#.##.
.¤0...###0##¤#.#..###.##.
.¤0¤...#0¤¤¤......###.##.
.¤00¤...00¤#...##..##.#..
.00000.#0¤#..#.#........#
.0¤0¤¤¤#0##.##...#.##.##.
.¤0¤¤0¤¤@##......#.......
.¤000¤¤¤##...###.........
.¤0¤000¤....####.........
.0¤00¤¤0.#.......[%..#...
##¤¤¤00#....#.#.....#....
#0¤0¤0##........###.#....
.¤0##¤ ....#### #......
.¤¤ ## .... ###.... .
####.....


There were no monsters in sight!

Vanquished Creatures
  Jessica (D:2)
  An adder (D:2)
  2 ribbon worms (D:2)
  A giant cockroach (D:1)
  3 goblins (D:2)
  3 hobgoblins
  3 jackals (D:1)
  A quokka (D:2)
  A ball python (D:2)
  A bat (D:2)
  2 frilled lizards (D:2)
  3 kobolds (D:2)
  4 rats (D:2)
26 creatures vanquished.

Notes
Turn   | Place    | Note
-------+----------+-------------------------------------------
     0 | D:1      | qw the Spriggan Hunter began the quest for the Orb.
     0 | D:1      | Reached XP level 1. HP: 10/10 MP: 2/2
     0 | D:1      | 0 ||| qw: Version: 0.3-a-160-g6735b56
     0 | D:1      | 0 ||| qw: Game counter: 6528
     0 | D:1      | 0 ||| qw: Melee chars always use a shield: true
     0 | D:1      | 0 ||| qw: God list: Okawaru
     0 | D:1      | 0 ||| qw: Allow faded altars: false
     0 | D:1      | 0 ||| qw: Do Orc after clearing Dungeon:15 true
     0 | D:1      | 0 ||| qw: Do second Lair branch before Depths: true
     0 | D:1      | 0 ||| qw: Lair rune preference: random
     0 | D:1      | 0 ||| qw: Goals: Normal
     0 | D:1      | 0 ||| PLANNING D:1-11
    29 | D:1      | Reached skill level 3 in Dodging
    96 | D:1      | You fall into a shaft and drop 1 floor!
   118 | D:2      | Reached XP level 2. HP: 14/14 MP: 3/3
   137 | D:2      | Noticed Jessica
   143 | D:2      | Killed Jessica
   144 | D:2      | Reached skill level 5 in Dodging
   144 | D:2      | Reached XP level 3. HP: 18/18 MP: 4/4
   315 | D:2      | 315 ||| UPGRADING to +1 robe.
   325 | D:2      | 325 ||| DROPPING +0 robe.
   326 | D:2      | 326 ||| READING scroll labelled JOUMUKIGUA.
   327 | D:2      | 327 ||| READING scroll labelled SISEICREFYL.
   328 | D:2      | 328 ||| READING scroll labelled ADENOEGYWK.
   329 | D:2      | 329 ||| DROPPING scroll of butterflies.
   331 | D:2      | 331 ||| Stepping ~*~*~tactically~*~*~ (cloud).
   334 | D:2      | HP: 4/18 [poisoned by you (poison gas)]
   337 | D:2      | HP: 1/18 [poisoned by you (poison gas)]
   338 | D:2      | Succumbed to their own poison gas

Levels and vault maps discovered:
D:1:      minmay_arrival_four_houses, layout_rooms, bh_walls_and_bars
D:2:      layout_rooms, uniq_jessica

Skill      XL: |  1  2 |
---------------+-------+-----
Dodging        | 3 5 |  5.0
Fighting       | |  1.5
Ranged Weapons | |  4.5
Stealth        | |  1.5

Action                     || total
---------------------------++-------
   Fire: Shortbow          ||    67
    Use: Scroll            ||     3
 Armour: Robe              ||     6
  Dodge: Dodged            ||    39

Table legend:
 A = Non-vault XP
 B = Vault XP
 C = Vault XP percentage of total XP
 D = Non-vault monster count
 E = Vault monster count
 F = Vault count percentage of total count
                 A         B        C        D         E       F
            +---------+---------+-------+---------+---------+-------
      Total |      56 |      37 |  39.8 |      25 |       1 |   3.8
            +---------+---------+-------+---------+---------+-------
        D:1 |      10 |       0 |   0.0 |       5 |       0 |   0.0
        D:2 |      46 |      37 |  44.6 |      20 |       1 |   4.8
            +---------+---------+-------+---------+---------+-------
